 Dungeon Crawl Stone Soup version 0.29-a0-359-g541a27f54d (webtiles) character file.

Game seed: 8722635020570842756

4503 Colgate the Conjurer (level 10, -12/61 HPs)
             Began as a Kobold Brigand on Apr 27, 2022.
             Was an Elder of Vehumet.
             Killed from afar by Amaemon (26 damage)
             ... with a bolt of acid
             ... on level 8 of the Dungeon.
             The game lasted 00:42:01 (13572 turns).

Colgate the Conjurer (Kobold Brigand)              Turns: 13572, Time: 00:42:02

Health: -12/61     AC: 17    Str:  8    XL:     10   Next: 65%
Magic:  0/16       EV: 16    Int: 16    God:    Vehumet [****..]
Gold:   390        SH:  0    Dex: 24    Spells: 4/17 levels left

rFire   . . .      SeeInvis .   b - staff of earth
rCold   . . .      Faith    .   (shield currently unavailable)
rNeg    . . .      Spirit   +   j - +3 leather armour
rPois   .          Reflect  .   q - +2 helmet
rElec   .          Harm     .   c - +0 cloak
rCorr   .          Rampage  .   x - +0 pair of gloves
Will    .....                   K - +1 pair of boots
Stlth   +++++.....              g - amulet of guardian spirit
HPRegen 0.20/turn               s - +6 ring of dexterity
MPRegen 0.15/turn               o - +4 ring of protection

@: no status effects
A: small, no large weapons, nightstalker 3
a: Renounce Religion


You were on level 8 of the Dungeon.
You worshipped Vehumet.
Vehumet was greatly pleased with you.
You visited 2 branches of the dungeon, and saw 9 of its levels.
You also visited: Sewer and Ossuary.

You collected 390 gold pieces.

Inventory:

Hand Weapons
 a - a +2 dagger of draining
 T - a +3 scimitar of flaming
Missiles
 d - 33 poisoned darts
 e - 3 curare-tipped darts
 u - 2 throwing nets {!f}
 D - 5 datura-tipped darts
 S - 16 boomerangs of dispersal
Armour
 c - a +0 cloak (worn)
 j - a +3 leather armour (worn)
 q - a +2 helmet (worn)
 x - a +0 pair of gloves (worn)
 K - a +1 pair of boots (worn)
 Q - a +0 robe
Magical Staves
 b - a staff of earth (weapon)
 z - a staff of death
Jewellery
 g - an amulet of guardian spirit (around neck)
 o - a +4 ring of protection (right hand)
 s - a +6 ring of dexterity (left hand)
 A - the macabre finger necklace {rN+}
   (You found it on level 3 of the Dungeon)

   [amulet of nothing]

   It enables you to equip an extra ring.
   rN:        It protects you from negative energy.
 L - a ring of see invisible
Wands
 C - a wand of iceblast (20) {@v2}
 H - a wand of polymorph (2)
 J - a wand of flame (4)
 P - a wand of paralysis (10)
Scrolls
 f - 7 scrolls of teleportation {@r3}
 h - a scroll of amnesia
 y - 2 scrolls of torment
 M - a scroll of magic mapping {unknown}
 N - a scroll of holy word
 O - a scroll of blinking {@r4}
 R - a scroll of identify {@r1}
 U - a scroll of immolation {unknown}
Potions
 i - a potion of degeneration
 k - a potion of berserk rage {unknown}
 l - 2 potions of resistance {@q5}
 m - 2 potions of ambrosia
 n - a potion of lignification {unknown}
 p - 4 potions of cancellation
 r - 3 potions of flight
 t - a potion of haste {unknown}
 v - a potion of brilliance
 w - 3 potions of attraction
 B - 2 potions of curing {@q1}
 E - 3 potions of invisibility
 F - 2 potions of mutation
 G - a potion of might {unknown}
 I - a potion of heal wounds {unknown}


   Skills:
 + Level 6.3 Fighting
 - Level 4.1 Short Blades
 - Level 2.1 Throwing
 - Level 4.1 Dodging
 - Level 6.0 Stealth
 - Level 4.0 Spellcasting
 - Level 7.2 Conjurations
 - Level 0.8 Hexes
 - Level 4.0 Fire Magic
 - Level 4.0 Ice Magic
 - Level 6.7 Earth Magic
 - Level 4.0 Evocations


You had 4 spell levels left.
You knew the following spells:

 Your Spells              Type           Power      Damage    Failure   Level
a - Sticky Flame          Conj/Fire      21%        2d4       7%          4
b - Scorch                Fire           32%        2d7       1%          2
c - Hailstorm             Conj/Ice       21%        3d6       7%          4
d - Stone Arrow           Conj/Erth      76%        3d11      1%          3

Your spell library contained the following spells:

 Spells                   Type           Power      Damage    Failure   Level
 Olgreb's Toxic Radiance  Pois           3%         N/A       50%         4
 Magic Dart               Conj           100%       1d8       1%          1
 Searing Ray              Conj           52%        2d6       1%          2
 Conjure Flame            Conj/Fire      21%        6-21      2%          3
 Ignite Poison            Fire/Tmut/Pois 7%         N/A       11%         3
 Fulminant Prism          Conj/Hex       8%         3d7       13%         4
 Tukima's Dance           Hex            5%         N/A       47%         3
 Animate Armour           Summ/Erth      42%        N/A       52%         4
 Gell's Gravitas          Tloc           3%         N/A       58%         3
 Teleport Other           Tloc           3%         N/A       58%         3
 Anguish                  Hex/Necr       2%         N/A       90%         4
 Iron Shot                Conj/Erth      19%        9d4       45%         6
 Blade Hands              Tmut           1%         N/A       100%        5
 Dispersal                Tloc           1%         N/A       100%        6
 Enfeeble                 Hex            2%         N/A       100%        7


Dungeon Overview and Level Annotations

Branches:
Dungeon (8/15)             Temple (1/1) D:6           Sewer (visited)
Ossuary (visited)
   Lair: D:8-11

Altars:
Cheibriados
Dithmenos
Elyvilon
Fedhas
Gozag
Kikubaaqudgha
Makhleb
Nemelex Xobeh
Okawaru
Qazlal
Ru
Sif Muna
Uskayaw
Vehumet
Xom
Yredelemnul
Zin
The Shining One

Annotations:
D:8 Amaemon


Innate Abilities, Weirdness & Mutations

You are small and have problems with some larger weapons.
You are completely attuned to the shadows.


Message History

Found an escape hatch in the floor.
No target in view!
Things that are here:
a +0 morningstar; 15 stones; a +0 chain mail No target in view!
Amaemon is nearby!
You feel a surge of power!
The stone arrow hits Amaemon!
Amaemon shouts!
You hear a shout!
You hear an angry buzzing noise.
Amaemon zaps a wand.
The bolt of acid misses you.
You feel a surge of power!
The stone arrow hits Amaemon!
You feel a surge of power!
The stone arrow hits Amaemon!!
You feel a surge of power!
The stone arrow hits Amaemon.
Amaemon says, "Afraid of a little sting?"
You feel a surge of power!
The stone arrow hits Amaemon!
Amaemon zaps a wand.
The bolt of acid misses you.
You don't have enough magic to cast this spell.
You hit Amaemon.
You shatter Amaemon.
Amaemon hits you with a +0 demon whip of venom.
You are poisoned.
Amaemon completely misses you. Amaemon tail-slaps you.
You hit Amaemon.
You feel sick. Amaemon barely misses you. Amaemon claws you.
Amaemon closely misses you.
You hit Amaemon but do no damage.
You feel sick.
Something foul drips from Amaemon's claws.
Amaemon hits you with a +0 demon whip of venom!
You are more poisoned.
Amaemon claws you but does no damage.
Amaemon tail-slaps you but does no damage.
You hit Amaemon.
You feel very sick. Amaemon closely misses you. Amaemon completely misses you.
Amaemon barely misses you.
You barely miss Amaemon.
You feel very sick.
Amaemon casts a spell.
Amaemon zaps a wand.
The bolt of acid hits you!!!
Ouch! That really hurt!
* * * LOW HITPOINT WARNING * * *
You feel better.
Amaemon zaps a wand.
The bolt of acid hits you!!
You die...

#.#.#.#. #.#...#.#
........# ........
......# #.......# #..
......# #........#
#.###..#. ......####
....)....# ##.#...s..
.........##
#.......#.##....6#..
....<.....#
##......<.......@....
#.........#
#............>...###.
#.....!...#
....##..####..##.#
#.....6...#
####....####.....#
#..........
##...........).##..#
#.......##
...###.####....# .##
#......# ...# ##
#..##..### ...#
##.###..# ...# ##..##
#.#


You could see Amaemon and a scorpion (summoned).

Vanquished Creatures
  Erica (D:8)
  Pikel (D:5)
  An orange demon (D:8)
  A wraith (Ossuary)
  A water moccasin (Sewer)
  5 orc warriors
  A black bear (D:4)
  A centaur (D:7)
  2 ogres
  2 phantoms
  3 kobold brigands
  A gnoll sergeant (D:5)
  2 bullfrogs (D:7)
  2 scorpions
  8 wights (D:7)
  4 howler monkeys
  A hound (D:5)
  9 orc priests
  A centaur skeleton (D:3)
  An iguana (D:5)
  6 orc wizards
  A hound skeleton (D:3)
  Robin (D:2)
  A mummy (Ossuary)
  4 gnolls (D:5)
  12 adders
  2 white imps
  An ufetubus (D:5)
  2 adder zombies (D:3)
  3 adder skeletons (D:3)
  A worm (D:2)
  A dart slug (D:3)
  18 orcs
  3 endoplasms
  8 giant cockroaches
  17 goblins
  10 hobgoblins
  5 jackals
  22 kobolds
  8 quokkas
  9 ball pythons
  A ball python skeleton (D:3)
  A ball python zombie (D:3)
  6 bats
  13 frilled lizards
  7 gnoll skeletons (Ossuary)
  8 kobold skeletons (Ossuary)
  10 orc skeletons (Ossuary)
  A quokka zombie (D:3)
  9 rats
239 creatures vanquished.

Vanquished Creatures (others)
  8 plants
8 creatures vanquished.

Grand Total: 247 creatures vanquished

Notes
Turn   | Place    | Note
-------+----------+-------------------------------------------
     0 | D:1      | Colgate the Kobold Brigand began the quest for the Orb.
     0 | D:1      | Reached XP level 1. HP: 12/12 MP: 1/1
   182 | D:1      | Reached XP level 2. HP: 17/17 MP: 2/2
   740 | D:1      | Found a faded altar of an unknown god.
   806 | D:1      | Prayed at the altar of an unknown god.
   806 | D:1      | Became a worshipper of Vehumet
   806 | D:1      | Reached * piety under Vehumet
   806 | D:1      | Offered knowledge of Magic Dart by Vehumet.
   809 | D:1      | Learned a level 1 spell: Magic Dart
   995 | D:1      | Reached XP level 3. HP: 15/21 MP: 3/3
  1000 | D:1      | Reached skill level 1 in Conjurations
  1917 | D:2      | Noticed Robin
  1956 | D:2      | Reached skill level 2 in Conjurations
  2070 | D:2      | Reached skill level 1 in Spellcasting
  2070 | D:2      | Reached XP level 4. HP: 26/26 MP: 3/6
  2278 | D:2      | Reached ** piety under Vehumet
  2372 | D:2      | Killed Robin
  2372 | D:2      | Offered knowledge of Poisonous Vapours by Vehumet.
  2373 | D:2      | Reached XP level 5. HP: 26/30 MP: 7/7
  2628 | D:2      | Reached skill level 3 in Conjurations
  3139 | D:3      | Found a basalt altar of Yredelemnul.
  3637 | D:3      | Offered knowledge of Scorch by Vehumet.
  3638 | D:3      | Reached XP level 6. HP: 35/35 MP: 10/10
  3652 | D:3      | Learned a level 2 spell: Scorch
  3701 | D:3      | HP: 1/31 [orc priest/nerve-wracking pain (9)]
  3702 | D:3      | Reached skill level 1 in Fire Magic
  4245 | D:3      | Reached *** piety under Vehumet
  4291 | D:3      | Found the macabre finger necklace {rN+}
  4553 | D:3      | Found an ancient bone altar of Kikubaaqudgha.
  4753 | D:4      | Noticed a black bear
  4760 | D:4      | Killed a black bear
  4761 | D:4      | Reached XP level 7. HP: 39/40 MP: 3/11
  4798 | D:4      | Learned a level 4 spell: Sticky Flame
  5061 | D:4      | Reached skill level 1 in Evocations
  5126 | D:4      | Offered knowledge of Hailstorm by Vehumet.
  5132 | D:4      | Learned a level 4 spell: Hailstorm
  5486 | D:5      | Entered Level 5 of the Dungeon
  5702 | D:5      | Found a glowing drain.
  5750 | Sewer    | Entered a sewer
  5883 | Sewer    | Noticed a water moccasin
  5887 | Sewer    | Killed a water moccasin
  5888 | Sewer    | Reached XP level 8. HP: 44/44 MP: 12/12
  6545 | D:5      | Reached **** piety under Vehumet
  6550 | D:5      | Noticed Pikel
  6650 | D:5      | Killed Pikel
  6651 | D:5      | Reached skill level 5 in Fighting
  6651 | D:5      | Reached XP level 9. HP: 55/55 MP: 6/15
  8823 | D:6      | Found a sand-covered staircase.
  8829 | Ossuary  | Entered an ossuary
  8865 | Ossuary  | Reached skill level 1 in Earth Magic
  9003 | Ossuary  | Offered knowledge of Stone Arrow by Vehumet.
  9016 | Ossuary  | Learned a level 3 spell: Stone Arrow
  9425 | Ossuary  | Reached skill level 4 in Conjurations
  9792 | D:6      | Found a staircase to the Ecumenical Temple.
  9798 | Temple   | Entered the Ecumenical Temple
 10703 | D:6      | Found a staircase to the Ecumenical Temple.
 11549 | D:7      | Reached skill level 5 in Conjurations
 11819 | D:7      | Reached skill level 5 in Earth Magic
 11822 | D:7      | Reached XP level 10. HP: 60/60 MP: 5/16
 12195 | D:7      | Reached ***** piety under Vehumet
 12195 | D:7      | Offered knowledge of Olgreb's Toxic Radiance by Vehumet.
 12207 | D:7      | Reached skill level 6 in Conjurations
 12704 | D:8      | Noticed a two-headed ogre
 12833 | D:8      | Noticed an orange demon
 12834 | D:8      | Noticed Amaemon
 12837 | D:8      | Killed an orange demon
 12938 | D:8      | Noticed Erica
 12950 | D:8      | Killed Erica
 12951 | D:8      | Reached skill level 7 in Conjurations
 13572 | D:8      | Killed from afar by Amaemon

Illustrated notes

Levels and vault maps discovered:
D:1:      psy_arrival_spokes, layout_basic, basic_ecumenical_altar, minivault_19
D:2:      layout_loops_ring, serial_rivers, chequers_serial_rivers_micro_e,
          chequers_serial_rivers_small_b, chequers_serial_rivers_micro_b,
          chequers_serial_rivers_room_b, dk_vineyard_3, minmay_3d_cube,
          uniq_robin
D:3:      layout_basic, mainiacjoe_overflow_cross_hatched,
          kiku_gazebo_pond_becter, serial_undead, serial_undead_e,
          serial_undead_e, serial_undead_a, serial_undead_d, serial_undead_a,
          serial_undead_d
D:4:      layout_rooms, minmay_lizard_king
D:5:      layout_basic, gup_sewer_entry_glass, uniq_pikel
D:6:      cheibrodos_thug_alley, layout_basic, minmay_temple_entry_overgrown,
          nicolae_ossuary_entry_monument
D:7:      layout_basic, minmay_unpleasant_kobolds
D:8:      lemuel_ratsnest, layout_rooms, mainiacjoe_overflow_catwalk,
          grunt_temple_overflow_open, serial_shops, kennysheep_mini,
          grunt_ministairs_6, hex_intersection, chequers_jeans, uniq_erica,
          uniq_amaemon
Temple:   compressed_dpeg_circular_temple

Skill      XL: |  1  2  3  4  5  6  7  8  9 10 |
---------------+-------------------------------+-----
Short Blades   | 3 4 |  4.1
Conjurations   | 2 3 5 7 |  7.2
Spellcasting   | 1 3 4 |  4.0
Fire Magic     | 3 4 |  4.0
Evocations     | 4 |  4.0
Ice Magic      | 2 4 |  4.0
Fighting       | 5 6 |  6.3
Dodging        | 3 4 |  4.1
Stealth        | 6 |  6.0
Earth Magic    | 5 6 |  6.7
Throwing       | |  2.1
Hexes          | |  0.8

Action                   |  1- 3 |  4- 6 |  7- 9 | 10-12 || total
-------------------------+-------+-------+-------+-------++-------
Melee: Dagger            |    86 |   138 |    97 |     8 ||   329
       Punch             |       |     4 |     2 |       ||     6
       Staff             |       |       |       |     5 ||     5
Throw: Dart              |       |       |     2 |       ||     2
 Cast: Magic Dart        |     3 |    16 |       |       ||    19
       Scorch            |       |    11 |    61 |       ||    72
       Sticky Flame      |       |       |    11 |       ||    11
       Hailstorm         |       |       |     3 |       ||     3
       Stone Arrow       |       |       |    48 |    57 ||   105
Evoke: Wand              |       |       |     1 |       ||     1
  Use: Scroll            |       |       |    23 |       ||    23
       Potion            |       |       |       |     1 ||     1
 Stab: Sleeping          |    22 |    24 |    28 |       ||    74
       Distracted        |       |     1 |     1 |       ||     2
Armor: Robe              |     3 |     7 |    31 |       ||    41
       Leather armour    |    12 |    24 |     1 |    12 ||    49
Dodge: Dodged            |    43 |    51 |    55 |    29 ||   178

Table legend: (Time is in decaauts)
 A = Elapsed time spent in this place.
 B = Non-inter-level travel time spent in this place.
 C = Inter-level travel time spent in this place.
 D = Time resting spent in this place.
 E = Time spent auto-exploring this place.
 F = Levels seen in this place.
 G = Mean time per level.
                   A        B        C        D        E       F      G
               +--------+--------+--------+--------+--------+-----+--------+
         Total |  13476 |  12886 |    590 |    303 |  10745 |  11 | 1225.1 |
       Dungeon |  12399 |  11809 |    590 |    303 |   9835 |   8 | 1549.9 |
        Temple |    125 |    125 |      0 |      0 |    105 |   1 |  125.0 |
         Sewer |    198 |    198 |      0 |      0 |    171 |   1 |  198.0 |
       Ossuary |    752 |    752 |      0 |      0 |    634 |   1 |  752.0 |
               +--------+--------+--------+--------+--------+-----+--------+

Top non-repeatable levels by time:
     D:5: 2817 daAuts
     D:6: 1922 daAuts
     D:1: 1830 daAuts
     D:7: 1588 daAuts
     D:3: 1425 daAuts
     D:2: 1283 daAuts
     D:4: 861 daAuts
 Ossuary: 752 daAuts
     D:8: 669 daAuts
   Sewer: 198 daAuts
  Temple: 125 daAuts
